AoeStats
← ZIZENIODA

Nomad

510204094Analyzed
2v2 RM · 2d ago on Sep 29, 2026· 46m 22s· 4 players
Game mode
Random Map
Map size
176×176
Population
200
Speed
Normal
Resources
Standard
Victory
Conquest
Starting age
Dark Age
Ending age
Imperial Age
RankedLock teamsTeams togetherTeam positionsShared explorationLock speedFull tech treeHidden civsTurbo modeCheats
Victory
Defeat
🇵🇪 Koreans · Peru
1270
+14
🇺🇸 Franks · United States
1255
+15
🇦🇷 Turks · Argentina
1384
-20
🇦🇷 Persians · Argentina
1077
-9
LeopoldoCITY
5:15 Loom
13:19 Feudal Age
13:47 Double-Bit Axe
23:22 Castle Age
24:44 Crossbowman
25:30 Thumb Ring
31:10 Horse Collar
35:02 Wheelbarrow
39:03 Imperial Age
37:44 Ballistics
40:35 Fletching
40:51 Scale Barding Armor
41:32 Bloodlines
41:23 Husbandry
40:45 Cavalier
43:59 Padded Archer Armor
ZIZENIODA
4:51 Loom
5:28 Loom
13:35 Feudal Age
14:10 Double-Bit Axe
14:28 Gold Mining
20:53 Castle Age
19:08 Town Watch
21:25 Scale Barding Armor
30:18 Stone Mining
32:22 Gold Mining
35:33 Imperial Age
34:02 Padded Archer Armor
38:01 Fletching
Pinchost
5:56 Loom
15:10 Feudal Age
19:04 Castle Age
17:06 Fishing Lines
20:46 Medium Warships
20:57 Gold Mining
23:03 Gold Shaft Mining
22:16 Double-Bit Axe
23:00 Fletching
25:01 Wheelbarrow
30:17 Gillnets
31:27 Bodkin Arrow
32:03 Hand Cart
35:08 Imperial Age
33:49 Arson
34:15 Forging
34:06 Scale Mail Armor
35:15 Bow Saw
35:03 Stone Mining
36:11 Conscription
37:01 Chemistry
38:43 Heavy Rocket Cart
40:35 Elite Fire Lancer
41:32 Chain Mail Armor
41:53 Iron Casting
42:00 Elite War Wagon
44:30 Bracer
46:48 Plate Mail Armor
bennnnnnnnnnn
4:59 Loom
15:06 Feudal Age
19:07 Castle Age
20:10 Fletching
20:14 Fishing Lines
21:41 Town Watch
30:10 Town Watch
32:20 Forging
38:20 Double-Bit Axe
Connection lost

Rejoining the realm…

Still unreachable

The connection could not be restored.

Session expired

The server has moved on; the page needs a fresh start.